[Event "ICC tourney 2556 (25 5)"]
[Site "Internet Chess Club"]
[Date "2021.05.09"]
[Round "8"]
[White "SRINIVAS PEDDIBOYINA, AKSHAR:K05-16853620"]
[Black "LAU, MATTHEW:K05-16966164"]
[Result "0-1"]
[ICCResult "White checkmated"]
[WhiteElo "197"]
[BlackElo "554"]
[Opening "Four knights: Scotch, 4...exd4"]
[ECO "C47"]
[NIC "KP.06"]
[Time "17:31:01"]
[PlyCount "62"]
[TimeControl "1500+5"]

1. e4 e5 2. Nf3 Nc6 3. Nc3 Nf6 4. d4 exd4 5. Nxd4 Bb4 6. a3 Ba5 7. b4 Bb6
8. Nxc6 bxc6 9. Bg5 a5 10. Bxf6 Qxf6 11. Qe2 Qxc3+ 12. Qd2 Qxa1+ 13. Qd1
Bxf2+ 14. Ke2 Qxd1+ 15. Kxd1 axb4 16. axb4 Ra1+ 17. Ke2 Bd4 18. Kd2 Ba6 19.
Bxa6 Rxh1 20. Bb7 Rxh2 21. Bxc6 Rxg2+ 22. Kd3 dxc6 23. Kxd4 O-O 24. Kc5
Rxc2+ 25. Kd4 Rd8+ 26. Ke5 Rc4 27. Kf4 Rxb4 28. Ke3 Rdd4 29. Kf4 Rxe4+ 30.
Kf5 Rec4 31. Ke5 Rb5# { White checkmated } 0-1

[Event "ICC tourney 2556 (25 5)"]
[Site "Internet Chess Club"]
[Date "2021.05.09"]
[Round "8"]
[White "PALAVALASA, YATHIN:K05-16801353"]
[Black "MICHAEL KAGAN, BENYAMIN:K05-30083267"]
[Result "1-0"]
[ICCResult "Black checkmated"]
[WhiteElo "825"]
[BlackElo "301"]
[Opening "Ruy Lopez (Spanish opening)"]
[ECO "C60"]
[NIC "RL.01"]
[Time "17:31:07"]
[PlyCount "49"]
[TimeControl "1500+5"]

1. e4 e5 2. Nf3 Nc6 3. Bb5 Bd6 4. Nc3 Nf6 5. d3 O-O 6. O-O b6 7. Bg5 Bb7 8.
Nd5 Be7 9. Re1 Nxd5 10. exd5 Bxg5 11. Nxg5 Qxg5 12. dxc6 Bxc6 13. Bxc6 dxc6
14. Qf3 c5 15. Re2 Qf4 16. Qxf4 exf4 17. Re4 g5 18. d4 cxd4 19. Rxd4 f6 20.
Rd7 c5 21. Re1 g4 22. Ree7 Rad8 23. Rg7+ Kh8 24. Rxh7+ Kg8 25. Rdg7# {
Black checkmated } 1-0

[Event "ICC tourney 2556 (25 5)"]
[Site "Internet Chess Club"]
[Date "2021.05.09"]
[Round "8"]
[White "PIERRE LOUIS, ELANA:K05-17258051"]
[Black "JAIN, DARSH:K05-30103038"]
[Result "0-1"]
[ICCResult "White checkmated"]
[WhiteElo "341"]
[BlackElo "836"]
[Opening "Bishop's opening: Berlin defense"]
[ECO "C24"]
[NIC "IG.04"]
[Time "17:31:01"]
[PlyCount "32"]
[TimeControl "1500+5"]

1. e4 e5 2. Bc4 Nf6 3. Qf3 Bc5 4. d3 O-O 5. Nd2 d6 6. Qg3 Kh8 7. Ndf3 Nc6
8. Nh4 Nd4 9. Nf5 Bxf5 10. exf5 Nxc2+ 11. Kd2 Nxa1 12. Nf3 Qd7 13. Nh4 Bb4+
14. Kd1 Qa4+ 15. b3 Qxa2 16. Bg5 Qc2# { White checkmated } 0-1

[Event "ICC tourney 2556 (25 5)"]
[Site "Internet Chess Club"]
[Date "2021.05.09"]
[Round "8"]
[White "YAO, COCO:K05-16335651"]
[Black "JAYESH GANDHI, REYANSH:K05-16772340"]
[Result "1-0"]
[ICCResult "Black checkmated"]
[WhiteElo "1082"]
[BlackElo "721"]
[Opening "Giuoco Pianissimo: Italian four knights variation"]
[ECO "C55"]
[NIC "IG.01"]
[Time "17:30:51"]
[PlyCount "35"]
[TimeControl "1500+5"]

1. e4 e5 2. Nf3 Nc6 3. Bc4 Nf6 4. d3 Bc5 5. Nc3 O-O 6. Bg5 h6 7. Bh4 Ne7 8.
Bxf6 gxf6 9. Qd2 Kg7 10. h4 Ng6 11. Rh3 Nf4 12. Rg3+ Ng6 13. h5 d6 14. hxg6
fxg6 15. O-O-O h5 16. Nh4 f5 17. Rxg6+ Kh7 18. Qh6# { Black checkmated }
1-0

[Event "ICC tourney 2556 (25 5)"]
[Site "Internet Chess Club"]
[Date "2021.05.09"]
[Round "8"]
[White "KOTHAPALLI, ASHISH:K05-16185293"]
[Black "GOTETI, ISHAN:K05-17016988"]
[Result "1-0"]
[ICCResult "Black checkmated"]
[WhiteElo "897"]
[BlackElo "516"]
[Opening "Queen's pawn, Mason variation"]
[ECO "D00"]
[NIC "QP.08"]
[Time "17:30:25"]
[PlyCount "71"]
[TimeControl "1500+5"]

1. d4 d5 2. Bf4 Nc6 3. Nc3 a6 4. Nf3 Nf6 5. e3 e6 6. Bd3 Be7 7. e4 dxe4 8.
Nxe4 Nxe4 9. Bxe4 Bb4+ 10. c3 Be7 11. O-O O-O 12. Qc2 f5 13. Bd3 Bh4 14.
Nxh4 Qxh4 15. Bxc7 e5 16. Bxe5 Ne7 17. Bd6 f4 18. Qe2 f3 19. Qxe7 Qxe7 20.
Bxe7 Rf7 21. Bc4 fxg2 22. Kxg2 Bf5 23. Bxf7+ Kxf7 24. Bb4 b6 25. Rae1 Kg6
26. Kf3 h5 27. Rg1+ Kf6 28. Kf4 Rg8 29. Be7+ Kf7 30. Kxf5 g6+ 31. Kg5 b5
32. Bf6 Ra8 33. Re7+ Kg8 34. Kxg6 Kf8 35. Kh7 Re8 36. Rg8# { Black
checkmated } 1-0

[Event "ICC tourney 2556 (25 5)"]
[Site "Internet Chess Club"]
[Date "2021.05.09"]
[Round "8"]
[White "ANG, TIMOTHY:K05-16772800"]
[Black "PARHAR, VIVAAN:K05-16000954"]
[Result "1-0"]
[ICCResult "Black checkmated"]
[WhiteElo "896"]
[BlackElo "1148"]
[Opening "French: Tarrasch, open variation"]
[ECO "C07"]
[NIC "FR.18"]
[Time "17:30:15"]
[PlyCount "35"]
[TimeControl "1500+5"]

1. e4 e6 2. d4 d5 3. Nd2 c5 4. Ngf3 Nc6 5. Nb3 Qb6 6. Be3 c4 7. Nbd2 dxe4
8. Nxe4 Qd8 9. Bxc4 Bd7 10. a3 Be7 11. h3 Nf6 12. Nc3 O-O 13. O-O h6 14.
Qd3 Nh7 15. Rad1 Bf6 16. Qe4 Na5 17. Bd3 Bc6 18. Qxh7# { Black checkmated }
1-0

[Event "ICC tourney 2556 (25 5)"]
[Site "Internet Chess Club"]
[Date "2021.05.09"]
[Round "8"]
[White "KANTNER, AARON:K05-16926895"]
[Black "KODKANI, ARNAV:K05-16604473"]
[Result "1-0"]
[ICCResult "Black checkmated"]
[WhiteElo "619"]
[BlackElo "902"]
[Opening "QGA: 3.e4"]
[ECO "D20"]
[NIC "QG.04"]
[Time "17:31:01"]
[PlyCount "47"]
[TimeControl "1500+5"]

1. d4 d5 2. c4 dxc4 3. e4 e6 4. Nc3 Be7 5. Nf3 Nf6 6. Bxc4 O-O 7. Qd3 Nc6
8. Be3 h6 9. O-O-O Nb4 10. Qd2 a5 11. a3 Nc6 12. e5 Nh7 13. h4 h5 14. Bd3
f5 15. Nh2 a4 16. g3 Na5 17. Bc2 Nc4 18. Qd3 Nxe3 19. Qxe3 Bd7 20. f3 b5
21. g4 f4 22. Qe4 g6 23. Qxg6+ Kh8 24. Qxh7# { Black checkmated } 1-0

[Event "ICC tourney 2556 (25 5)"]
[Site "Internet Chess Club"]
[Date "2021.05.09"]
[Round "8"]
[White "AHAN, ADHRIT:K05-16292172"]
[Black "MATHUR, AASHI:K05-17111754"]
[Result "0-1"]
[ICCResult "White checkmated"]
[WhiteElo "718"]
[BlackElo "1012"]
[Opening "Giuoco Piano"]
[ECO "C50"]
[NIC "IG.02"]
[Time "17:30:49"]
[PlyCount "24"]
[TimeControl "1500+5"]

1. e4 e5 2. Nf3 Nc6 3. Bc4 Bc5 4. O-O Nf6 5. Nc3 d6 6. d3 Bg4 7. Bg5 Nd4 8.
h3 Nxf3+ 9. Kh1 Nxg5 10. hxg4 Qd7 11. f3 h5 12. Bb5 hxg4# { White
checkmated } 0-1

[Event "ICC tourney 2556 (25 5)"]
[Site "Internet Chess Club"]
[Date "2021.05.09"]
[Round "8"]
[White "EVDOKIMOV, TIMOFEY:K05-16592703"]
[Black "L LIU, JASON:K05-15325166"]
[Result "0-1"]
[ICCResult "White resigns"]
[WhiteElo "850"]
[BlackElo "1615"]
[Opening "Danish gambit: Sorensen defense"]
[ECO "C21"]
[NIC "KP.04"]
[Time "17:30:50"]
[PlyCount "84"]
[TimeControl "1500+5"]

1. e4 e5 2. d4 exd4 3. c3 d5 4. Qxd4 Nc6 5. Qxd5 Qxd5 6. exd5 Nce7 7. c4
Bf5 8. Nc3 O-O-O 9. Nf3 Kb8 10. Bf4 Ng6 11. Bg3 Re8+ 12. Be2 Nf6 13. O-O
Bb4 14. Rfe1 h5 15. Nd4 Bxc3 16. bxc3 Be4 17. Bf3 h4 18. Bxe4 Nxe4 19.
Bxc7+ Kxc7 20. Nb5+ Kb6 21. Nd6 Nxd6 22. Rxe8 Rxe8 23. Rb1+ Kc7 24. c5 Nc4
25. d6+ Kc6 26. a4 Nb2 27. h3 Nxa4 28. c4 Nxc5 29. Rb5 Re1+ 30. Kh2 Kxd6
31. g3 hxg3+ 32. Kxg3 Re5 33. Kf3 Nd3 34. Rxe5 Ndxe5+ 35. Ke3 a5 36. Kd4 b6
37. Kc3 a4 38. Kb4 f5 39. Kxa4 Nxc4 40. Kb5 Kd5 41. f4 Nxf4 42. h4 Nh5 {
White resigns } 0-1

[Event "ICC tourney 2556 (25 5)"]
[Site "Internet Chess Club"]
[Date "2021.05.09"]
[Round "8"]
[White "DAS, AISHANI:K05-17316275"]
[Black "SRIVASTAVA KHARE, AVNI:K05-16824142"]
[Result "1-0"]
[ICCResult "Black checkmated"]
[WhiteElo "469"]
[BlackElo "780"]
[Opening "Sicilian: Pin variation (Sicilian counter-attack)"]
[ECO "B41"]
[NIC "SI.41"]
[Time "17:30:23"]
[PlyCount "27"]
[TimeControl "1500+5"]

1. e4 c5 2. Nf3 e6 3. d4 cxd4 4. Nxd4 Nf6 5. Nc3 Bb4 6. Bd2 Bxc3 7. Bxc3
Nxe4 8. Bb4 Nc6 9. Qg4 Nf6 10. Nxc6 dxc6 11. Qxg7 Rg8 12. Qh6 Bd7 13. O-O-O
Rg6 14. Qf8# { Black checkmated } 1-0

[Event "ICC tourney 2556 (25 5)"]
[Site "Internet Chess Club"]
[Date "2021.05.09"]
[Round "8"]
[White "SRINIVASAN, VISHWATH:K05-16418200"]
[Black "MUKTINUTALAPATI, NIKHIL:K05-16577451"]
[Result "1-0"]
[ICCResult "Black checkmated"]
[WhiteElo "731"]
[BlackElo "316"]
[Opening "Four knights: Rubinstein counter-gambit"]
[ECO "C48"]
[NIC "KP.03"]
[Time "17:31:24"]
[PlyCount "49"]
[TimeControl "1500+5"]

1. e4 e5 2. Nf3 Nc6 3. Nc3 Nf6 4. Bb5 Nd4 5. Nxe5 Nxb5 6. Nxb5 a6 7. Nc3 d6
8. Nf3 d5 9. d3 Bg4 10. Bg5 h6 11. Bh4 Bb4 12. e5 O-O 13. exf6 gxf6 14. O-O
Bd6 15. h3 Bh5 16. g4 Bg6 17. Nxd5 c6 18. Nxf6+ Kg7 19. Nh5+ Bxh5 20. Bxd8
Raxd8 21. gxh5 Kh8 22. Nh4 Rg8+ 23. Kh1 b5 24. Qd2 Rde8 25. Qxh6# { Black
checkmated } 1-0

[Event "ICC tourney 2556 (25 5)"]
[Site "Internet Chess Club"]
[Date "2021.05.09"]
[Round "8"]
[White "PENG, JUSTIN:K05-17057952"]
[Black "THIRUGNANA, KAVIN:K05-30020780"]
[Result "1-0"]
[ICCResult "Black checkmated"]
[WhiteElo "878"]
[BlackElo "308"]
[Opening "Giuoco Pianissimo: Italian four knights variation"]
[ECO "C55"]
[NIC "IG.01"]
[Time "17:30:09"]
[PlyCount "43"]
[TimeControl "1500+5"]

1. e4 e5 2. Nf3 Nc6 3. Bc4 Nf6 4. Nc3 Bc5 5. d3 h6 6. Be3 Bxe3 7. fxe3 Ng4
8. Nd5 d6 9. h3 Nf6 10. Nxf6+ Qxf6 11. O-O O-O 12. Nd4 exd4 13. Rxf6 gxf6
14. exd4 Nxd4 15. c3 Nc6 16. Qh5 Ne5 17. Qxh6 Nxc4 18. dxc4 Be6 19. Rf1
Bxc4 20. Rxf6 Bxa2 21. Qg5+ Kh8 22. Rh6# { Black checkmated } 1-0

[Event "ICC tourney 2556 (25 5)"]
[Site "Internet Chess Club"]
[Date "2021.05.09"]
[Round "8"]
[White "LUKOSE, JAMES:K05-16437200"]
[Black "LEYTE VIDAL, BRANDON:K05-17196870"]
[Result "1-0"]
[ICCResult "Black checkmated"]
[WhiteElo "885"]
[BlackElo "1118"]
[Opening "Queen's pawn game"]
[ECO "D04"]
[NIC "QP.06"]
[Time "17:30:40"]
[PlyCount "87"]
[TimeControl "1500+5"]

1. d4 Nf6 2. Nf3 d5 3. e3 Nc6 4. c4 e6 5. Be2 Bb4+ 6. Nc3 Ne4 7. Bd2 Nxd2
8. Qxd2 Bxc3 9. bxc3 Na5 10. cxd5 exd5 11. c4 Nxc4 12. Bxc4 dxc4 13. Qb4
Qd5 14. Rc1 Bg4 15. Nd2 Qxg2 16. Rf1 Bh5 17. Qxc4 O-O 18. Qxc7 Rac8 19.
Qxc8 Qg4 20. Qxg4 Bxg4 21. Rc7 Rd8 22. Rxb7 Rc8 23. Nb3 h6 24. Rxa7 Rc2 25.
Rg1 Re2+ 26. Kf1 Rc2 27. Rxg4 Rc3 28. d5 Rd3 29. Rd4 Rc3 30. d6 Rc8 31. d7
Rd8 32. Ra8 Rxa8 33. d8=Q+ Rxd8 34. Rxd8+ Kh7 35. a4 g5 36. a5 f5 37. a6
Kg6 38. a7 Kh5 39. a8=Q g4 40. Qb7 f4 41. Qf7+ Kh4 42. Rd6 h5 43. Rh6 Kg5
44. Qf6# { Black checkmated } 1-0

[Event "ICC tourney 2556 (25 5)"]
[Site "Internet Chess Club"]
[Date "2021.05.09"]
[Round "8"]
[White "JAIN, RAYAN:K05-17009798"]
[Black "MARADANA, HARSHA:K05-30024511"]
[Result "1-0"]
[ICCResult "Black checkmated"]
[WhiteElo "829"]
[BlackElo "361"]
[Opening "Giuoco Piano: four knights variation"]
[ECO "C50"]
[NIC "IG.02"]
[Time "17:30:08"]
[PlyCount "71"]
[TimeControl "1500+5"]

1. e4 e5 2. Nf3 Nc6 3. Bc4 Bc5 4. Nc3 Nf6 5. O-O d6 6. Bb5 Bg4 7. h3 Bxf3
8. Qxf3 h6 9. Nd5 Nxd5 10. exd5 a6 11. Ba4 b5 12. dxc6 bxa4 13. d3 O-O 14.
Be3 Bxe3 15. fxe3 Rb8 16. b3 axb3 17. axb3 d5 18. Qf5 Rb6 19. Qxe5 Rxc6 20.
e4 dxe4 21. Qxe4 Rxc2 22. d4 Qg5 23. Qxc2 Rd8 24. Qxc7 Rxd4 25. Qxf7+ Kh8
26. Rxa6 Rd2 27. Qf8+ Kh7 28. Qa8 Qe3+ 29. Kh1 Qe2 30. Rfa1 Rd1+ 31. Rxd1
Qxd1+ 32. Kh2 Qc1 33. Qe4+ g6 34. Qe7+ Kh8 35. Ra8+ Qc8 36. Rxc8# { Black
checkmated } 1-0

[Event "ICC tourney 2556 (25 5)"]
[Site "Internet Chess Club"]
[Date "2021.05.09"]
[Round "8"]
[White "WOLFE, JAXON:K05-16374716"]
[Black "HOJA, SABRINA:K05-16995856"]
[Result "0-1"]
[ICCResult "White resigns"]
[WhiteElo "1543"]
[BlackElo "924"]
[Opening "Giuoco Piano"]
[ECO "C50"]
[NIC "IG.02"]
[Time "17:30:38"]
[PlyCount "64"]
[TimeControl "1500+5"]

1. e4 e5 2. Nf3 Nc6 3. Bc4 Bc5 4. O-O Nf6 5. d3 h6 6. h3 d6 7. Nc3 Be6 8.
Nd5 Nb4 9. Nxb4 Bxb4 10. Bxe6 fxe6 11. a4 O-O 12. c3 Bc5 13. b4 Bxf2+ 14.
Rxf2 Nh5 15. Nxe5 Rxf2 16. Kxf2 Qh4+ 17. g3 Qxg3+ 18. Kf1 Qxh3+ 19. Ke2
dxe5 20. Kd2 Nf4 21. Kc2 Rd8 22. Bxf4 exf4 23. Qd2 f3 24. d4 Qg4 25. Qe3
Rf8 26. Rf1 Qf4 27. Qxf4 Rxf4 28. Kd3 g5 29. Ke3 Kf7 30. e5 Kg6 31. Rh1 f2
32. a5 f1=Q { White resigns } 0-1

[Event "ICC tourney 2556 (25 5)"]
[Site "Internet Chess Club"]
[Date "2021.05.09"]
[Round "8"]
[White "MACRAE RUML, HUGH:K05-30130694"]
[Black "T MARSHALLECK, DAVID:K05-16371805"]
[Result "0-1"]
[ICCResult "White checkmated"]
[WhiteElo "206"]
[BlackElo "913"]
[Opening "KP: Patzer opening"]
[ECO "C20"]
[NIC "KP.10"]
[Time "17:30:36"]
[PlyCount "80"]
[TimeControl "1500+5"]

1. e4 e5 2. Qh5 Nc6 3. Bc4 g6 4. Qf3 Nf6 5. g4 Na5 6. b3 Nxc4 7. bxc4 Bg7
8. Nh3 O-O 9. g5 Ne8 10. Nc3 d6 11. Nd5 Be6 12. Nf6+ Nxf6 13. gxf6 Qxf6 14.
Qxf6 Bxf6 15. Ng1 Bg7 16. d3 c6 17. Bg5 Rac8 18. Be7 Rfe8 19. Bxd6 b5 20.
cxb5 cxb5 21. Rb1 a6 22. c4 bxc4 23. dxc4 Bxc4 24. Nf3 Bd3 25. Rd1 Bxe4 26.
Nd2 Bxh1 27. Ke2 Bd5 28. Nf1 h6 29. Rxd5 Rc2+ 30. Kd3 Rxf2 31. Ke4 Rxf1 32.
Bxe5 Bxe5 33. Rxe5 Re1+ 34. Kd4 R8xe5 35. Kc3 Rg1 36. a4 Rg4 37. a5 Re3+
38. Kd2 Ra3 39. h3 Rg2+ 40. Kc1 Ra1# { White checkmated } 0-1

[Event "ICC tourney 2556 (25 5)"]
[Site "Internet Chess Club"]
[Date "2021.05.09"]
[Round "8"]
[White "MUSE SINEK, JAMES:K05-17174225"]
[Black "VINIAK, SAATVIK:K05-16432705"]
[Result "0-1"]
[ICCResult "White checkmated"]
[WhiteElo "258"]
[BlackElo "672"]
[Opening "Sicilian defense"]
[ECO "B30"]
[NIC "SI.31"]
[Time "17:30:11"]
[PlyCount "68"]
[TimeControl "1500+5"]

1. e4 c5 2. Nf3 Nc6 3. Nc3 e5 4. Bc4 Nf6 5. Ng5 d5 6. exd5 Nd4 7. d6 Be6 8.
b3 Bxc4 9. bxc4 Bxd6 10. Nge4 O-O 11. Nxf6+ Qxf6 12. Ne4 Qg6 13. d3 f5 14.
Nxd6 Qxd6 15. O-O Qg6 16. c3 Ne6 17. d4 exd4 18. cxd4 Nxd4 19. Be3 Rad8 20.
Qd2 Nf3+ 21. Kh1 Rxd2 22. Bxd2 Nxd2 23. Rfd1 Nxc4 24. Rd3 Nb2 25. Rd2 Nc4
26. Rc2 Na3 27. Rc3 Nb5 28. Rb3 a6 29. Rg3 Qd6 30. a4 Nd4 31. Kg1 Ne2+ 32.
Kh1 Nxg3+ 33. fxg3 Qd4 34. g4 Qxa1# { White checkmated } 0-1

[Event "ICC tourney 2556 (25 5)"]
[Site "Internet Chess Club"]
[Date "2021.05.09"]
[Round "8"]
[White "VENKATRAMAN, PRANAV:K05-30038361"]
[Black "PAYNE, MASON:K05-16659363"]
[Result "1-0"]
[ICCResult "Black checkmated"]
[WhiteElo "808"]
[BlackElo "420"]
[Opening "QGA: 3.e4"]
[ECO "D20"]
[NIC "QG.04"]
[Time "17:30:29"]
[PlyCount "53"]
[TimeControl "1500+5"]

1. d4 d5 2. c4 dxc4 3. e4 e5 4. dxe5 Qxd1+ 5. Kxd1 f5 6. exf5 Bxf5 7. Bxc4
Nc6 8. Nf3 O-O-O+ 9. Nbd2 Bb4 10. Re1 Nge7 11. a3 Bxd2 12. Bxd2 Na5 13. Ba2
h5 14. Kc1 b6 15. b4 Nac6 16. e6 h4 17. Bg5 Ng6 18. Bxd8 Kxd8 19. Rd1+ Kc8
20. Bd5 Nce7 21. Bc4 h3 22. g3 Bg4 23. Rd3 Rf8 24. Ba6+ Kb8 25. Ng5 Rxf2
26. Rd8+ Nc8 27. Rxc8# { Black checkmated } 1-0

[Event "ICC tourney 2556 (25 5)"]
[Site "Internet Chess Club"]
[Date "2021.05.09"]
[Round "8"]
[White "NIEUWERBURGH, HENRY:K05-16089188"]
[Black "GRESHAM, JOB:K05-16440438"]
[Result "1-0"]
[ICCResult "Black checkmated"]
[WhiteElo "1297"]
[BlackElo "954"]
[Opening "Ruy Lopez: Anderssen variation"]
[ECO "C65"]
[NIC "RL.07"]
[Time "17:30:12"]
[PlyCount "43"]
[TimeControl "1500+5"]

1. e4 e5 2. Nf3 Nc6 3. Bb5 Nf6 4. d3 a6 5. Ba4 b5 6. Bb3 Bc5 7. O-O O-O 8.
c3 Qe7 9. d4 exd4 10. cxd4 Bb6 11. Re1 Bb7 12. Bg5 h6 13. Bh4 g5 14. Bg3
Nxe4 15. Nc3 Nxc3 16. bxc3 Qf6 17. d5 Ne7 18. Be5 Qg6 19. Bc2 Nf5 20. Qb1
Bxd5 21. Bxf5 Qc6 22. Bh7# { Black checkmated } 1-0

[Event "ICC tourney 2556 (25 5)"]
[Site "Internet Chess Club"]
[Date "2021.05.09"]
[Round "8"]
[White "ZONGO, SAMIRA:K05-16439907"]
[Black "CHAN, ARTHUR:K05-30015869"]
[Result "0-1"]
[ICCResult "White checkmated"]
[WhiteElo "560"]
[BlackElo "862"]
[Opening "Three knights game"]
[ECO "C46"]
[NIC "KP.06"]
[Time "17:30:23"]
[PlyCount "78"]
[TimeControl "1500+5"]

1. e4 Nc6 2. Nf3 e5 3. Nc3 d6 4. Bc4 Be6 5. Bxe6 fxe6 6. d4 exd4 7. Nxd4
Nxd4 8. Qxd4 e5 9. Qd5 Nf6 10. Qd1 Be7 11. O-O O-O 12. Qf3 Nd7 13. Qg3 Bh4
14. Qg4 Nf6 15. Qf5 Nd5 16. exd5 Rxf5 17. Ne4 c5 18. Bh6 gxh6 19. Rae1 Qe7
20. g3 Bg5 21. h4 Bf6 22. Nxf6+ Qxf6 23. Re4 Kf7 24. a4 Rf8 25. c3 Ke7 26.
b4 Rxf2 27. Rf4 Rxf1+ 28. Kxf1 exf4 29. g4 Qxc3 30. b5 Qc1+ 31. Kf2 Qd2+
32. Kf3 Qe3+ 33. Kg2 f3+ 34. Kf1 f2 35. a5 b6 36. axb6 axb6 37. g5 hxg5 38.
hxg5 Qxg5 39. Ke2 f1=Q# { White checkmated } 0-1

[Event "ICC tourney 2556 (25 5)"]
[Site "Internet Chess Club"]
[Date "2021.05.09"]
[Round "8"]
[White "MUNRO HARTMAN, NADAV:K05-16966336"]
[Black "JAVERI, RIAAN:K05-16378238"]
[Result "0-1"]
[ICCResult "White checkmated"]
[WhiteElo "1046"]
[BlackElo "1417"]
[Opening "Queen's pawn game, Chigorin variation"]
[ECO "D02"]
[NIC "QP.09"]
[Time "17:30:42"]
[PlyCount "52"]
[TimeControl "1500+5"]

1. Nf3 d5 2. d4 Nc6 3. Bf4 Bg4 4. Nc3 e6 5. h3 Bf5 6. Nb5 Rc8 7. e3 a6 8.
Nxc7+ Rxc7 9. Bxc7 Qxc7 10. Bd3 Bxd3 11. Qxd3 Nb4 12. Qb3 Nxc2+ 13. Ke2
Nxa1 14. Rxa1 Bd6 15. Kd2 Nf6 16. Rc1 Ne4+ 17. Kd1 Nxf2+ 18. Kd2 Ne4+ 19.
Kd1 Qd7 20. Qc2 O-O 21. Ke2 Qb5+ 22. Ke1 Bb4+ 23. Qc3 Bxc3+ 24. bxc3 Qb2
25. Kd1 Nxc3+ 26. Ke1 Qe2# { White checkmated } 0-1

[Event "ICC tourney 2556 (25 5)"]
[Site "Internet Chess Club"]
[Date "2021.05.09"]
[Round "8"]
[White "LI, AIDAN:K05-16624042"]
[Black "KANCHARLAPALLI, NIYATI:K05-16973271"]
[Result "1-0"]
[ICCResult "Black checkmated"]
[WhiteElo "824"]
[BlackElo "310"]
[Opening "Old Benoni: Franco-Benoni defense"]
[ECO "C01"]
[NIC "FR.01"]
[Time "17:30:37"]
[PlyCount "65"]
[TimeControl "1500+5"]

1. e4 e6 2. d4 c5 3. d5 exd5 4. exd5 Nf6 5. Nc3 d6 6. h3 Bf5 7. Nf3 Nbd7 8.
Bb5 Be7 9. O-O O-O 10. Bf4 Nb6 11. Nh4 Be4 12. Nxe4 Nxe4 13. Nf3 Bf6 14. c3
Bxc3 15. bxc3 Nxc3 16. Qd3 Nxb5 17. Qxb5 Nxd5 18. Qd3 Nxf4 19. Qe4 Ne6 20.
Qxb7 Nf4 21. Qe4 Qg5 22. Nxg5 g6 23. Qxf4 Rae8 24. Qh4 h5 25. g4 Kg7 26.
gxh5 gxh5 27. Qxh5 Kf6 28. Rfe1 Rd8 29. Qh6+ Kf5 30. Rad1 f6 31. Rd5+ Kf4
32. Ne6+ Kf3 33. Qf4# { Black checkmated } 1-0

[Event "ICC tourney 2556 (25 5)"]
[Site "Internet Chess Club"]
[Date "2021.05.09"]
[Round "8"]
[White "THERESA VIJAYRAM, VANEESHA:K05-16365598"]
[Black "MADDINENI, SHISHIR:K05-17244051"]
[Result "1-0"]
[ICCResult "Black checkmated"]
[WhiteElo "856"]
[BlackElo "470"]
[Opening "Two knights defense (Modern bishop's opening)"]
[ECO "C55"]
[NIC "IG.01"]
[Time "17:30:07"]
[PlyCount "127"]
[TimeControl "1500+5"]

1. e4 e5 2. Nf3 Nc6 3. Bc4 Nf6 4. d3 h6 5. Nc3 Bc5 6. h3 d6 7. a3 Be6 8.
Bxe6 fxe6 9. b4 Bd4 10. Nxd4 exd4 11. Ne2 e5 12. Bb2 Qe7 13. O-O O-O-O 14.
c3 dxc3 15. Nxc3 Nd4 16. Ne2 Nxe2+ 17. Qxe2 g6 18. d4 exd4 19. Bxd4 Qxe4
20. Qxe4 Nxe4 21. Bxh8 Rxh8 22. Rfe1 Ng5 23. Rac1 b6 24. Re2 Rf8 25. Re7
Kb7 26. Rexc7+ Ka6 27. R7c6 Ne4 28. f3 Ng3 29. Rxd6 Ne2+ 30. Kf1 Nxc1 31.
Rxg6 Rh8 32. a4 Nd3 33. b5+ Ka5 34. Rd6 Nb2 35. f4 Rf8 36. g3 Nxa4 37. Rxh6
Kxb5 38. h4 a5 39. h5 Rf5 40. Kg2 Nc3 41. Kh3 a4 42. g4 Rxf4 43. g5 Nd5 44.
g6 Nf6 45. g7 Rg4 46. Rxf6 Rg6 47. Rxg6 a3 48. h6 a2 49. h7 a1=Q 50. h8=Q
Qb2 51. Rg5+ Kc4 52. Qc8+ Kd3 53. Qd7+ Kc4 54. Qd5+ Kc3 55. Qe5+ Kc2 56.
Qxb2+ Kxb2 57. g8=Q Kc3 58. Rg4 b5 59. Qc8+ Kd3 60. Qd7+ Ke3 61. Qxb5 Kf3
62. Qd3+ Kf2 63. Rg2+ Ke1 64. Qb1# { Black checkmated } 1-0

[Event "ICC tourney 2556 (25 5)"]
[Site "Internet Chess Club"]
[Date "2021.05.09"]
[Round "8"]
[White "SAMPATHKUMAR, GURU:K05-16282718"]
[Black "RAJAMANIKANDAN, DHAVA:K05-15601294"]
[Result "1-0"]
[ICCResult "Black resigns"]
[WhiteElo "1141"]
[BlackElo "877"]
[Opening "King's pawn game"]
[ECO "C50"]
[NIC "IG.03"]
[Time "17:30:27"]
[PlyCount "83"]
[TimeControl "1500+5"]

1. e4 e5 2. Nf3 Nc6 3. Bc4 h6 4. O-O Nf6 5. d3 Bc5 6. c3 O-O 7. Re1 Ng4 8.
Re2 Nf6 9. Nbd2 a6 10. a4 d6 11. Nf1 Bg4 12. Re1 Bh5 13. Ng3 b5 14. axb5
axb5 15. Rxa8 Qxa8 16. Bxb5 Qb7 17. Bxc6 Qxc6 18. Nxh5 Nxh5 19. Nxe5 dxe5
20. Qxh5 f6 21. Qg6 Qb6 22. Kf1 Qb3 23. Bxh6 Rf7 24. Bc1 Kf8 25. Qf5 Rd7
26. Qxd7 Bd6 27. Qc6 Kf7 28. Qd5+ Qxd5 29. exd5 Ke7 30. c4 Kd7 31. Re2 c6
32. dxc6+ Kxc6 33. Rc2 Kc5 34. Be3+ Kb4 35. c5 Bc7 36. d4 Kb3 37. Rc1 Kxb2
38. dxe5 fxe5 39. Rc4 Kb3 40. Rg4 e4 41. Rxg7 Bxh2 42. c6 { Black resigns }
1-0

[Event "ICC tourney 2556 (25 5)"]
[Site "Internet Chess Club"]
[Date "2021.05.09"]
[Round "8"]
[White "ZHIHAO JIAO, ETHAN:K05-17273262"]
[Black "POTASHINSKY, ILAN:K05-17014227"]
[Result "1-0"]
[ICCResult "Black checkmated"]
[WhiteElo "581"]
[BlackElo "266"]
[Opening "Petrov: Damiano variation"]
[ECO "C42"]
[NIC "RG.03"]
[Time "17:31:02"]
[PlyCount "63"]
[TimeControl "1500+5"]

1. e4 e5 2. Nf3 Nf6 3. Nxe5 Nxe4 4. Qe2 d5 5. d3 Nc6 6. Nxc6 bxc6 7. dxe4
Bb4+ 8. Bd2 Bc5 9. exd5+ Be7 10. dxc6 O-O 11. Nc3 Re8 12. O-O-O Rb8 13. Qd3
Bd6 14. Ne4 Bf5 15. f3 Qc8 16. g4 Bg6 17. h4 a5 18. h5 Bxe4 19. fxe4 Qxg4
20. Be2 Qg2 21. Rdg1 Qf2 22. Be3 Qf6 23. Bd4 Qf4+ 24. Qe3 Rxe4 25. Qxf4
Bxf4+ 26. Kb1 Rxd4 27. a3 Rd2 28. Bd3 a4 29. h6 Be5 30. hxg7 Rxb2+ 31. Kc1
Bc3 32. Bxh7# { Black checkmated } 1-0

[Event "ICC tourney 2556 (25 5)"]
[Site "Internet Chess Club"]
[Date "2021.05.09"]
[Round "8"]
[White "DIAZ, ISAAC:K05-16913526"]
[Black "GALLEGE, REHAN:K05-16946930"]
[Result "1-0"]
[ICCResult "Black checkmated"]
[WhiteElo "853"]
[BlackElo "1111"]
[Opening "French: Labourdonnais variation"]
[ECO "C00"]
[NIC "FR.01"]
[Time "17:30:58"]
[PlyCount "49"]
[TimeControl "1500+5"]

1. e4 e6 2. f4 d5 3. e5 c5 4. d3 Nc6 5. Nf3 Nge7 6. Be2 Nf5 7. O-O Be7 8.
c4 O-O 9. b3 Ncd4 10. Nxd4 Nxd4 11. Bg4 Bd7 12. Bb2 b5 13. Nd2 f6 14. Nf3
Nxf3+ 15. Bxf3 fxe5 16. fxe5 Bc6 17. Bc1 Bg5 18. Bxg5 Qxg5 19. Qe2 Rf5 20.
cxd5 Bxd5 21. Bxd5 Rxe5 22. Qf2 Rxd5 23. Qf7+ Kh8 24. Qf8+ Rxf8 25. Rxf8# {
Black checkmated } 1-0